 Dungeon Crawl Stone Soup version 0.23-a0-391-g8c51ad5 (webtiles) character file.

23 JeffiDaFish the Sneak (level 2, -2/13 HPs)
             Began as a Spriggan Enchanter on Oct 29, 2018.
             Slain by an adder (3 damage)
             ... on level 2 of the Dungeon on Oct 31, 2018.
             The game lasted 00:03:46 (1095 turns).

JeffiDaFish the Sneak (Spriggan Enchanter)          Turns: 1095, Time: 00:03:46

Health: -2/13      AC:  3    Str:  4    XL:     2   Next: 72%
Magic:  0/7        EV: 18    Int: 16    God:
Gold:   49         SH:  0    Dex: 16    Spells: 4/7 levels left

rFire    . . .     SeeInvis +   e - +1 short sword (flame)
rCold    . . .     Gourm    .   (shield restricted)
rNeg     . . .     Faith    .   b - +1 robe
rPois    .         Spirit   .   (helmet restricted)
rElec    .         Reflect  .   (no cloak)
rCorr    .         Harm     .   (gloves unavailable)
MR       .....                  (boots unavailable)
Stlth    +++.......             (no amulet)
HPRegen  0.04/turn              (no ring)
MPRegen  0.10/turn              (no ring)

@: very slightly contaminated, very quick
A: very small, unfitting armour, see invisible, herbivore, speed 3, slow
metabolism 2
a: no special abilities


You were on level 2 of the Dungeon.
You were not hungry.

You visited 1 branch of the dungeon, and saw 2 of its levels.

You collected 49 gold pieces.

Inventory:

Hand Weapons
 a - a +2 dagger
 e - a +1 short sword of flaming (weapon)
Armour
 b - a +1 robe (worn)
Wands
 f - a wand of acid (6)
Scrolls
 c - a scroll of remove curse
 g - 4 scrolls of identify {unknown}
 h - a scroll of amnesia {unknown}
Potions
 i - a potion of curing {unknown}
Comestibles
 d - 5 rations


   Skills:
 + Level 1.1 Short Blades
 + Level 3.2 Dodging
 + Level 4.8 Stealth
 + Level 3.0 Spellcasting
 + Level 4.3 Hexes


You had 4 spell levels left.
You knew the following spells:

 Your Spells              Type           Power        Failure   Level  Hunger
a - Corona                Hex            ###....      3%          1    #......
b - Ensorcelled Hibernat  Hex/Ice        #.....       12%         2    ##.....

Your spell library contained the following spells:

 Spells                   Type           Power        Failure   Level  Hunger
 Confuse                  Hex            ###.....     10%         3    ###....
 Tukima's Dance           Hex            ###.....     10%         3    ###....
 Dazzling Spray           Conj/Hex       #.....       24%         3    ###....


Dungeon Overview and Level Annotations

Branches:
Dungeon (2/15)

Altars:


Innate Abilities, Weirdness & Mutations

You are very small and have problems with some larger weapons.
You are too small for most types of armour.
You have supernaturally acute eyesight. (SInv)
You are a herbivore.
You cover ground extremely quickly.
You need to consume almost no food.


Message History

Casting: Ensorcelled Hibernation (safe; 12% risk of failure)
Confirm with . or Enter, or press ? or * to list all spells.
Aiming: Ensorcelled Hibernation (safe; 12% risk of failure)
Press: ? - help, Shift-Dir - straight line, f/p - adder
Aim: an adder (chance to defeat MR: 50%)
The adder resists with some effort.
The adder misses you.
Casting: Ensorcelled Hibernation (safe; 12% risk of failure)
Confirm with . or Enter, or press ? or * to list all spells.
Aiming: Corona (safe; 3% risk of failure)
Press: ? - help, Shift-Dir - straight line, f/p - adder
Aim: an adder (chance to defeat MR: 62%)
The adder is outlined in light.
The adder bites you. x2
* * * LOW HITPOINT WARNING * * *
You hit the adder. You burn the adder.
The adder is lightly wounded.
The adder completely misses you.
You hit the adder. You burn the adder.
The adder is almost dead.
The adder bites you.
You die...

...................<
................###.
........S.....†.###.
...###..............
.. #..........###. #
##..........#
#...........#
###g............ .
##@S.##########....
#.####<.### ##..
#.........# ..
#.........##### [
..............[.
##.........#####
#.........#
#.........#
#.........#


You could see an adder and a goblin.

Vanquished Creatures
  An adder (D:2)
  A worm (D:2)
  2 goblins (D:1)
  2 ball pythons
  3 frilled lizards
  A kobold (D:1)
  3 rats
13 creatures vanquished.

Notes
Turn   | Place    | Note
-------+----------+-------------------------------------------
     0 | D:1      | JeffiDaFish the Spriggan Enchanter began the quest for the
                  | Orb.
     0 | D:1      | Reached XP level 1. HP: 9/9 MP: 5/5
   445 | D:1      | Upgraded the game from 0.23-a0-389-g4a5eb33 to
                  | 0.23-a0-391-g8c51ad5
   966 | D:2      | Reached XP level 2. HP: 13/13 MP: 6/6
  1048 | D:2      | Learned a level 2 spell: Ensorcelled Hibernation
  1095 | D:2      | Slain by an adder

Vault maps used:
D:1:      elethiomel_arrival_quiet
D:2:      uniq_terence

Skill      XL: |  1  2 |
---------------+-------+-----
Hexes          | 4 |  4.3
Spellcasting   | 3 |  3.0
Short Blades   | |  1.1
Dodging        | |  3.2
Stealth        | |  4.8

Action                   || total
-------------------------++-------
Melee: Dagger            ||    25
       Short sword       ||    12
 Cast: Corona            ||     6
       Ensorcelled Hiber ||     2
  Use: Scroll            ||     5
       Potion            ||     1
 Stab: Sleeping          ||     4
Armor: Robe              ||     3
Dodge: Dodged            ||    19

Table legend:
 A = Non-vault XP
 B = Vault XP
 C = Vault XP percentage of total XP
 D = Non-vault monster count
 E = Vault monster count
 F = Vault count percentage of total count
                 A         B        C        D         E       F
            +---------+---------+-------+---------+---------+-------
      Total |      33 |       0 |   0.0 |      13 |       0 |   0.0
            +---------+---------+-------+---------+---------+-------
        D:1 |      10 |       0 |   0.0 |       8 |       0 |   0.0
        D:2 |      23 |       0 |   0.0 |       5 |       0 |   0.0
            +---------+---------+-------+---------+---------+-------
